 Dungeon Crawl Stone Soup version 0.20.0 (webtiles) character file.

2867 Danakh the Cudgeler (level 9, 0/71 HPs)
             Began as a Demonspawn Fighter on May 29, 2017.
             Was a Priest of Okawaru.
             Slain by Erica
             ... wielding a +4 scimitar of flaming
              (2 damage)
             ... on level 8 of the Dungeon.
             The game lasted 00:18:09 (6933 turns).

Danakh the Cudgeler (Demonspawn Fighter)            Turns: 6933, Time: 00:18:09

Health: 0/71       AC: 11    Str: 20 (21) XL:     9   Next: 47%
Magic:  0/13       EV:  7    Int: 10      God:    Okawaru [***...]
Gold:   371        SH: 10    Dex: 14 (15) Spells: 8/8 levels left

rFire    . . .     SeeInvis .   a - +0 flail
rCold    + . .     Gourm    .   c - +0 shield
rNeg     . . .     Faith    .   b - +0 scale mail
rPois    +         Spirit   +   (no helmet)
rElec    .         Reflect  .   E - +0 cloak
rCorr    .         Harm     .   (gloves unavailable)
MR       .....                  w - +0 pair of boots
Stlth    ..........             (no amulet)
Regen    0.0/turn               e - +2 ring of slaying
MPRegen  0.2/turn               t - ring of poison resistance

@: no status effects
A: claws 3, talons 1, icy blue scales 1, agile 1, cold resistance 1,
deterioration 1, inhibited regeneration, strong 1, magic shield
a: Heroism, Renounce Religion


You were on level 8 of the Dungeon.
You worshipped Okawaru.
Okawaru was most pleased with you.
You were not hungry.

You visited 2 branches of the dungeon, and saw 9 of its levels.

You collected 371 gold pieces.

Inventory:

Hand Weapons
 a - a +0 flail (weapon)
 y - a +0 whip of flaming
Armour
 b - a +0 scale mail (worn)
 c - a +0 shield (worn)
 w - a +0 pair of boots (worn)
 E - a +0 cloak (worn)
Jewellery
 e - a +2 ring of slaying (left claw)
 t - a ring of poison resistance (right claw)
 x - an uncursed ring of flight {unknown}
Wands
 A - a wand of confusion (2/48)
 C - a wand of polymorph (8/24)
Scrolls
 g - 4 scrolls of amnesia {unknown}
 i - 5 scrolls of remove curse {unknown}
 j - a scroll of immolation {unknown}
 k - 9 scrolls of identify {unknown}
 l - 2 scrolls of teleportation {unknown}
 q - 2 scrolls of random uselessness {unknown}
 s - 2 scrolls of enchant weapon {unknown}
 u - a scroll of blinking {unknown}
 v - a scroll of magic mapping {unknown}
 D - 2 scrolls of fear {unknown}
Potions
 d - 2 potions of might
 h - 4 potions of curing {unknown}
 n - a potion of cancellation {unknown}
 p - 3 potions of heal wounds {unknown}
 r - 2 potions of brilliance {unknown}
 z - 2 potions of mutation {unknown}
 G - a potion of invisibility {unknown}
 H - 2 potions of agility {unknown}
Comestibles
 f - 10 bread rations
 m - 2 meat rations
 o - 4 fruits
 B - 3 royal jellies


   Skills:
 + Level 6.5 Fighting
 * Level 7.5 Maces & Flails
 + Level 5.4 Armour
 + Level 5.5 Shields
 + Level 5.6 Invocations


You had 8 spell levels left.
You didn't know any spells.

Dungeon Overview and Level Annotations

Branches:
Dungeon (8/15)             Temple (1/1) D:5
   Lair: D:8-11

Altars:
Ashenzari
Cheibriados
Dithmenos
Elyvilon
Gozag
Hepliaklqana
Kikubaaqudgha
Makhleb
Nemelex Xobeh
Okawaru
Qazlal
Ru
Sif Muna
Trog
Uskayaw
Yredelemnul
Zin
The Shining One

Shops:
D:7 }   D:8 [

Annotations:
D:8 Erica


Innate Abilities, Weirdness & Mutations

You have claws for hands.
You are partially covered in icy blue scales. (AC +2)
Your flesh is cold resistant. (rC+)
When hurt, damage is shared between your health and your magic reserves.
You have sharp toenails.
You are agile. (Dex +2)
Your body sometimes deteriorates upon taking damage.
You do not regenerate when monsters are visible.
Your muscles are strong. (Str +2)


Message History

* * * LOW HITPOINT WARNING * * *
You miss something.
The orc wizard points at you and mumbles some strange words.
The puff of flame hits something.
You block something's attack.
You sock something!
You hear some strange, mumbled words.
Something tries to affect you, but you resist.
You closely miss something. The orc wizard casts a spell at you.
The magic dart hits something.
Something hits you but does no damage.
You closely miss something.
The orc wizard gestures at you while chanting.
The puff of frost hits something.
Something hits you!
* * * LOW HITPOINT WARNING * * *
Something burns you.
* * * LOW HITPOINT WARNING * * *
You barely miss something. Something hits you!
* * * LOW HITPOINT WARNING * * *
Something burns you.
You die...

##.#.###.#
#.## ##.# .#
.........#
### ### .#
.#.#.##..##
# #...# .#
#...## ..#
###..## ..#
##..## o.#
##..##+##oo#
##....@{o#
#.(..####
####.# #.#
#.# #.# ...
#.# .#


You could see an orc wizard and 3 orcs.

Vanquished Creatures
  Pikel (D:7)
  A spriggan (D:7)
  An orc warrior (D:8)
  A slave (D:7)
  2 sky beasts (D:7)
  2 phantoms
  An ice beast (D:8)
  2 ogres
  5 centaurs
  A big kobold (D:7)
  2 bullfrogs (D:7)
  2 scorpions (D:7)
  A water moccasin skeleton (D:4)
  A bullfrog zombie (D:7)
  A hound (D:6)
  A centaur zombie (D:7)
  A jelly (D:3)
  2 gnoll shamans
  An orc priest (D:8)
  Crazy Yiuf (D:7)
  An iguana (D:7)
  3 orc wizards
  3 worker ants
  2 killer bee zombies
  A hound skeleton (D:6)
  A worker ant zombie (D:5)
  15 gnolls
  10 adders
  2 shadow imps
  An adder skeleton (D:4)
  A worm (D:2)
  4 leopard geckos
  13 orcs
  9 giant cockroaches
  7 goblins
  11 hobgoblins
  4 jackals (D:7)
  3 quokkas
  3 ball pythons
  7 bats
  4 frilled lizards
  12 kobolds
  6 rats
153 creatures vanquished.

Vanquished Creatures (others)
  A slave (D:7)
  A worker ant (D:7)
2 creatures vanquished.

Grand Total: 155 creatures vanquished

Notes
Turn   | Place    | Note
-------+----------+-------------------------------------------
     0 | D:1      | Danakh the Demonspawn Fighter began the quest for the Orb.
     0 | D:1      | Reached XP level 1. HP: 18/18 MP: 1/1
    74 | D:1      | Reached skill level 2 in Maces & Flails
   124 | D:1      | Gained mutation: You are partially covered in icy blue scales. (AC +2) [demonic ancestry]
   124 | D:1      | Reached XP level 2. HP: 24/24 MP: 2/2
   640 | D:1      | Reached XP level 3. HP: 29/29 MP: 3/3
   842 | D:2      | Found a hide-covered altar of Uskayaw.
   984 | D:2      | Found an ancient bone altar of Kikubaaqudgha.
   984 | D:2      | Found an opulent altar of Gozag.
  1071 | D:2      | You fall through a shaft!
  1708 | D:2      | Reached skill level 3 in Maces & Flails
  1708 | D:2      | Gained mutation: You have sharp fingernails. [demonic ancestry]
  1708 | D:2      | Reached XP level 4. HP: 29/35 MP: 4/4
  2011 | D:3      | Noticed an ogre
  2019 | D:3      | Killed an ogre
  2019 | D:3      | Gained mutation: Your flesh is cold resistant. (rC+) [demonic ancestry]
  2019 | D:3      | Reached XP level 5. HP: 8/42 MP: 5/5
  2536 | D:4      | Reached skill level 4 in Maces & Flails
  2536 | D:4      | Gained mutation: When hurt, damage is shared between your health and your magic reserves. [demonic ancestry]
  2536 | D:4      | Reached XP level 6. HP: 44/48 MP: 6/6
  3033 | D:5      | Entered Level 5 of the Dungeon
  3080 | D:5      | Found a staircase to the Ecumenical Temple.
  3166 | Temple   | Entered the Ecumenical Temple
  3171 | Temple   | Became a worshipper of Warmaster Okawaru
  3379 | D:5      | Reached skill level 1 in Invocations
  3550 | D:5      | Reached XP level 7. HP: 55/55 MP: 7/7
  3862 | D:5      | Reached * piety under Okawaru
  4093 | D:6      | Reached skill level 5 in Maces & Flails
  4821 | D:7      | Noticed Pikel
  4843 | D:7      | Killed Pikel
  4843 | D:7      | Reached skill level 5 in Fighting
  4843 | D:7      | Reached skill level 6 in Maces & Flails
  4843 | D:7      | Gained mutation: You have very sharp fingernails. [demonic ancestry]
  4843 | D:7      | Reached XP level 8. HP: 39/63 MP: 7/10
  4869 | D:7      | Found a runed door.
  4991 | D:7      | Noticed Crazy Yiuf
  4996 | D:7      | Killed Crazy Yiuf
  5091 | D:7      | Found Zomiaxoz's Gadget Shoppe.
  5119 | D:7      | Reached ** piety under Okawaru
  5523 | D:7      | Reached skill level 5 in Shields
  5552 | D:7      | Reached skill level 5 in Armour
  5562 | D:7      | Gained mutation: You have claws for hands. [demonic ancestry]
  5562 | D:7      | Reached XP level 9. HP: 58/69 MP: 10/12
  5624 | D:7      | Found a glowing silver altar of Zin.
  5624 | D:7      | Found a white marble altar of Elyvilon.
  5624 | D:7      | Found a glowing golden altar of the Shining One.
  5713 | D:7      | Reached skill level 5 in Invocations
  5906 | D:7      | Reached skill level 7 in Maces & Flails
  5921 | D:7      | Reached *** piety under Okawaru
  6334 | D:7      | Found a sparkling altar of Nemelex Xobeh.
  6443 | D:7      | Gained mutation: You do not regenerate when monsters are visible. [mutagenic meat]
  6444 | D:7      | Gained mutation: Your muscles are strong. (Str +2) [mutagenic meat]
  6445 | D:7      | Gained mutation: You are agile. (Dex +2) [mutagenic meat]
  6446 | D:7      | Gained mutation: You have sharp toenails. [mutagenic meat]
  6447 | D:7      | Gained mutation: Your body sometimes deteriorates upon taking damage. [mutagenic meat]
  6864 | D:8      | Found Wuepryxu's Antique Armour Shoppe.
  6917 | D:8      | Noticed Erica
  6933 | D:8      | HP: 2/71 [something (6)]
  6933 | D:8      | Slain by Erica

Skill      XL: |  1  2  3  4  5  6  7  8  9 |
---------------+----------------------------+-----
Maces & Flails | 2 3 4 6 7 |  7.5
Shields        | 3 4 5 |  5.5
Armour         | 3 4 5 |  5.4
Fighting       | 4 5 6 |  6.5
Invocations    | 1 3 4 5 |  5.6

Action                   |  1- 3 |  4- 6 |  7- 9 || total
-------------------------+-------+-------+-------++-------
Melee: Flail             |   102 |   158 |   357 ||   617
       Whip              |       |       |    46 ||    46
  Eat: Chunk             |     2 |     7 |    15 ||    24
       Fruit             |       |       |     1 ||     1
Armor: Scale mail        |    51 |    77 |   147 ||   275
Dodge: Dodged            |    26 |    62 |    90 ||   178
Block: Shield            |    49 |    82 |   198 ||   329
